 Dungeon Crawl Stone Soup version 0.29-a0-845-g6161e89988 (webtiles) character file.

Game seed: 2907866938528461819

8 mathmaestro the Grave Robber (level 2, 18/20 HPs)
             Began as a Demonspawn Necromancer on July 16, 2022.
             Quit the game on level 1 of the Dungeon.
             The game lasted 00:00:38 (180 turns).

mathmaestro the Grave Robber (DsNe)                  Turns: 180, Time: 00:00:38

Health: 18/20      AC:  2    Str:  8    XL:     2   Next: 0%
Magic:  3/5        EV: 12    Int: 16    God:
Gold:   7          SH:  0    Dex: 13    Spells: 4/5 levels left

rFire   . . .      SeeInvis .   e - +0 club
rCold   . . .      Faith    .   (no shield)
rNeg    . . .      Spirit   .   a - +0 robe
rPois   .          Reflect  .   (no helmet)
rElec   .          Harm     .   (no cloak)
rCorr   .          Rampage  .   (no gloves)
Will    .....                   (no boots)
Stlth   ++........              (no amulet)
HPRegen 0.06/turn               (no ring)
MPRegen 0.09/turn               (no ring)

@: no status effects
A: ignite blood 1
a: no special abilities


You were on level 1 of the Dungeon.
You visited 1 branch of the dungeon, and saw 1 of its levels.

You collected 7 gold pieces.

Inventory:

Hand Weapons
 e - a +0 club (weapon)
Armour
 a - a +0 robe (worn)
Scrolls
 c - a scroll of identify {unknown}
 d - 4 scrolls of teleportation {unknown}
Potions
 b - a potion of magic
 f - a potion of mutation {unknown}
 g - a potion of ambrosia {unknown}


   Skills:
 + Level 0.4 Fighting
 + Level 1.9 Dodging
 - Level 2.0 Stealth
 + Level 2.1 Spellcasting
 + Level 4.4 Necromancy


You had 4 spell levels left.
You knew the following spells:

 Your Spells              Type           Power      Damage    Failure   Level
a - Necrotise             Necr           64%        1d7       3%          1

Your spell library contained the following spells:

 Spells                   Type           Power      Damage    Failure   Level
 Vampiric Draining        Necr           16%        2d7       10%         3
 Animate Dead             Necr           16%        N/A       32%         4
 Agony                    Necr           16%        N/A       65%         5


Dungeon Overview and Level Annotations

Branches:
Dungeon (1/15)

Altars:


Innate Abilities, Weirdness & Mutations

Your demonic aura sometimes causes spilled blood to erupt in flames.


Message History

There are no items here.
An endoplasm comes into view.
Found 7 gold pieces.
The endoplasm quivers.
An endoplasm is nearby!
You see here a bubbling inky potion.
g - a bubbling inky potion An endoplasm is nearby!
Casting: Necrotise (safe; 3% risk of failure)
Confirm with . or Enter, or press ? or * to list all spells.
Aiming: Necrotise (safe; 3% risk of failure)
Press: ? - help, Shift-Dir - straight line, f - endoplasm
Aim: an endoplasm (ally target, chance to affect: 85%)
The endoplasm writhes in agony.
You kill the endoplasm!
Unknown command.
Your hobgoblin skeleton crumbles into dust!
Your hobgoblin skeleton crumbles into dust!
You now have 7 gold pieces.
A ball python comes into view.
A ball python is nearby!
A ball python is nearby!
The ball python bites you. The ball python grabs you.
The ball python constricts you.
You escape the ball python's grasp.
Casting: Necrotise (safe; 3% risk of failure)
Confirm with . or Enter, or press ? or * to list all spells.
Aiming: Necrotise (safe; 3% risk of failure)
Press: ? - help, Shift-Dir - straight line, f - ball python
Aim: a ball python (chance to affect: 86%)
The ball python writhes in agony.
You kill the ball python!
The dead are slithering!
Training target 2.0 for Stealth reached!
Your Stealth skill increases to level 2!
You have reached level 2!
Your demonic ancestry asserts itself...
Your blood heats up.
Okay, then.
Are you sure you want to abandon this character and quit the game? (Confirm with "yes".)

###### ##....###
##.......## ######
#..P.♣♣♣P.## ##.....
#.P♣.Z♣♣♣..# ##......
#.P..PP♣♣.P# #.......
#...@.P♣♣♣.# #.......
#......♣♣..#♣#♣.♣.♣..
#.....♣♣P............
#..#..P♣♣....♣#♣.♣.♣..
......PP.P....###......
.........#.....##.......
........##.....##.......
........##.....##.......
... #.....##.......


You could see a friendly ball python skeleton.

Vanquished Creatures
  A bat (D:1)
  An endoplasm (D:1)
  A goblin (D:1)
  2 hobgoblins (D:1)
  A ball python (D:1)
  A rat (D:1)
7 creatures vanquished.

Notes
Turn   | Place    | Note
-------+----------+-------------------------------------------
     0 | D:1      | mathmaestro the Demonspawn Necromancer began the quest for
                  | the Orb.
     0 | D:1      | Reached XP level 1. HP: 13/13 MP: 3/3
   180 | D:1      | Gained mutation: Your demonic aura sometimes causes spilled
                  | blood to erupt in flames. [demonic ancestry]
   180 | D:1      | Reached XP level 2. HP: 18/20 MP: 3/5
   180 | D:1      | Quit the game

Illustrated notes

Levels and vault maps discovered:
D:1:      matt_arrival_los_fun, layout_rooms,
          hellmonk_ecumenical_altar_leap_of_faith, serial_forest,
          infiniplex_forest_end_double, infiniplex_forest_lined_2,
          infiniplex_forest_straight_4, infiniplex_forest_lined_room_,
          infiniplex_forest_clump_diagonal, infiniplex_forest_straight_2,
          infiniplex_forest_clump_C, infiniplex_forest_join,
          nrook_loot_triangle, minmay_tripent

Skill      XL: |  1 |
---------------+----+-----
Stealth        | 2 |  2.0
Fighting       | |  0.4
Dodging        | |  1.9
Spellcasting   | |  2.1
Necromancy     | |  4.4

Action                   || total
-------------------------++-------
 Cast: Necrotise         ||     8

Table legend: (Time is in decaauts)
 A = Elapsed time spent in this place.
 B = Non-inter-level travel time spent in this place.
 C = Inter-level travel time spent in this place.
 D = Time resting spent in this place.
 E = Time spent auto-exploring this place.
 F = Levels seen in this place.
 G = Mean time per level.
                   A        B        C        D        E       F      G
               +--------+--------+--------+--------+--------+-----+--------+
         Total |    179 |    179 |      0 |      0 |    136 |   1 |  179.0 |
       Dungeon |    179 |    179 |      0 |      0 |    136 |   1 |  179.0 |
               +--------+--------+--------+--------+--------+-----+--------+

Top non-repeatable levels by time:
     D:1: 179 daAuts
